Map: 莱瑞拉克之冠

Players

Guru

  • Race: Zerg Zerg
  • League: Gold

shengy - Winner!

  • Race: Zerg Zerg
  • League: Gold

VOD

Have the link to the VOD?

Description

Time

  • Played on: Dec. 10, 2015, 12:21 a.m.
  • Length: 6:20
Show
View Real Time Build Order
Export as new Build Order

Guru Zerg 

Build Orders: Pool First 

Get SALT Encoding   

  12  0:01  Drone  
  13  0:08  Drone  
  14  0:17  Extractor  
  14  0:19  Drone  
  14  0:34  Spawning Pool  
  13  0:36  Drone  
  14  0:44  Extractor  
  14  0:45  Drone  
  15  1:01  Overlord  
  15  1:20  Metabolic Boost  
  15  1:22  Queen  
  15  1:25  Drone, Zergling x2  
  18  1:26  Zergling x2  
  20  1:37  Zergling x2  
  21  1:48  Zergling x2  
  22  2:04  Hatchery  
  22  2:07  Zergling x2  
  22  2:13  Overlord  
  21  2:31  Zergling x2  
  22  2:43  Overlord x2  
  22  3:01  Zergling x6  
  21  3:20  Zergling x2  
  21  3:25  Zergling x2  
  23  3:27  Zergling x6  
  26  3:34  Zergling x2  
  26  3:35  Roach Warren, Zergling x2  
  26  3:37  Queen  
  26  3:39  Queen  
  31  3:46  Overlord  
  31  3:54  Zergling x4  
  33  3:56  Zergling x2  
  27  4:21  Zergling x12  
  32  4:32  Roach  
  32  4:35  Roach  
  36  4:45  Drone  
  37  4:46  Evolution Chamber  
  37  4:49  Roach  
  31  5:01  Roach x2  
  26  5:41  Roach x2  
  26  5:42  Roach x3  
  36  6:00  Overlord  
  36  6:01  Overlord  
Show
View Real Time Build Order
Export as new Build Order

shengy Zerg - Winner!

Build Orders: Pool First 

Get SALT Encoding   

  12  0:01  Drone  
  13  0:08  Drone  
  14  0:17  Overlord  
  14  0:35  Drone  
  14  0:37  Drone x2  
  17  0:47  Drone  
  18  0:51  Spawning Pool  
  17  0:58  Drone  
  18  1:19  Hatchery  
  18  1:24  Drone  
  18  1:33  Drone, Extractor  
  18  1:35  Overlord  
  18  1:41  Queen  
  20  1:50  Zergling x2  
  20  1:52  Zergling x2  
  22  2:03  Zergling x2  
  23  2:14  Overlord  
  23  2:17  Queen  
  25  2:29  Drone  
  26  2:32  Zergling x2  
  26  2:33  Queen  
  29  2:47  Metabolic Boost, Zergling x2  
  30  2:53  Spine Crawler  
  30  2:55  Drone x2  
  30  2:56  Drone  
  32  3:02  Drone  
  33  3:18  Queen, Drone  
  33  3:22  Drone  
  34  3:29  Drone x2  
  34  3:30  Baneling Nest  
  35  3:43  Drone x4  
  39  3:56  Zergling x8  
  35  4:21  Queen  
  35  4:23  Queen  
  39  4:25  Baneling x2  
  39  4:26  Baneling  
  39  4:27  Baneling  
  39  4:31  Zergling x2  
  40  4:32  Zergling x8  
  40  4:35  Overlord  
  44  4:42  Overlord  
  44  4:43  Roach Warren  
  42  4:58  Drone x5  
  42  4:59  Drone  
  48  5:06  Drone x2  
  48  5:31  Roach x7  
  59  5:42  Roach  
  59  5:56  Extractor  
Tags
 
Add a new tag
Caveats
  • Supply blocks, unpowered buildings, or Contaminate may cause inaccurate times.
  • Supply counts are checked every 10 seconds.